Map: New Repugnancy LE

Players

TIME (Oliveira) - Winner!

  • Race: Terran Terran
  • Spawn Location: 1:00

MaSa

  • Race: Terran Terran
  • League: Master
  • Spawn Location: 7:00

Event: 2019 WCS Winter Americas

VOD

Have the link to the VOD?

Description

Time

  • Played on: March 24, 2019, 12:07 p.m.
  • Length: 19:24

All games in this series

Show
View Real Time Build Order
Export as new Build Order

TIME Terran - Winner!

Build Orders: Gas First Reaper Expand, Hellion Opening 

Get SALT Encoding   

  12  0:01  SCV  
  13  0:13  SCV  
  14  0:17  Supply Depot  
  14  0:25  SCV  
  15  0:29  Refinery  
  15  0:39  SCV  
  16  0:46  Barracks  
  16  0:51  SCV  
  17  1:03  SCV  
  18  1:15  SCV  
  19  1:33  Reaper, Orbital Command  
  20  1:44  Command Center  
  20  1:53  Factory  
  20  1:58  SCV  
  21  2:09  Barracks Reactor  
  21  2:11  SCV  
  21  2:14  Supply Depot  
  22  2:17  Refinery  
  22  2:23  SCV  
  23  2:35  SCV  
  24  2:43  Starport  
  24  2:47  SCV  
  24  2:48  Hellion x2  
  29  2:55  Orbital Command  
  29  2:57  Barracks Tech Lab  
  29  3:00  SCV  
  30  3:10  Hellion x2  
  30  3:12  SCV  
  34  3:22  SCV  
  34  3:24  SCV  
  34  3:25  Raven  
  38  3:31  Hellion x2  
  42  3:35  Supply Depot  
  42  3:39  SCV  
  42  3:40  Refinery  
  43  3:41  Barracks Tech Lab  
  43  3:44  SCV  
  43  3:51  SCV  
  39  3:56  SCV  
  34  4:03  SCV  
  34  4:08  SCV  
  35  4:20  Marine  
  36  4:25  SCV  
  36  4:33  SCV  
  35  4:39  SCV  
  35  4:44  Cyclone  
  39  4:45  SCV  
  39  4:47  Marine x2  
  42  4:55  SCV  
  42  4:57  SCV  
  44  5:05  Marine  
  45  5:12  SCV  
  45  5:13  SCV  
  42  5:15  Raven  
  42  5:16  Marine  
  42  5:24  SCV  
  42  5:25  SCV  
  44  5:33  Siege Tank  
  46  5:36  SCV  
  46  5:38  SCV, Supply Depot  
  48  5:48  SCV  
  48  5:49  Command Center  
  49  5:50  SCV  
  52  6:00  SCV  
  52  6:02  SCV  
  52  6:08  Siege Tank  
  55  6:11  Viking  
  55  6:12  Viking  
  55  6:13  Marine  
  55  6:16  Supply Depot  
  55  6:17  Stimpack  
  61  6:18  SCV  
  61  6:19  SCV  
  62  6:34  Supply Depot  
  62  6:37  Marine  
  62  6:38  SCV  
  64  6:40  SCV  
  64  6:41  Viking  
  64  6:42  Barracks x2  
  64  6:44  Viking  
  69  6:50  SCV  
  70  6:55  SCV, Siege Tank, Marine  
  75  7:02  SCV, Orbital Command  
  75  7:05  Refinery  
  76  7:08  Supply Depot  
  76  7:11  Viking  
  76  7:13  SCV, Marine  
  80  7:17  Viking  
  80  7:18  SCV  
  83  7:26  SCV  
  81  7:30  Orbital Command  
  81  7:34  Barracks Reactor x2  
  81  7:39  SCV, Engineering Bay  
  81  7:40  Engineering Bay  
  83  7:46  Marine  
  83  7:49  Siege Tank  
  86  7:51  SCV  
  86  7:52  SCV  
  86  7:57  SCV  
  89  8:04  SCV  
  88  8:10  Terran Infantry Weapons Level 1, Terran Infantry Armor Level 1  
  88  8:11  Marine x3  
  91  8:14  Barracks x2  
  91  8:17  Sensor Tower  
  91  8:20  SCV x2  
  91  8:22  SCV  
  91  8:23  Marine x2  
  91  8:25  Supply Depot  
  96  8:29  Marine  
  96  8:31  Supply Depot  
  96  8:32  SCV  
  96  8:33  Siege Tank  
  101  8:45  Supply Depot  
  101  8:46  SCV x2, Marine x2, Supply Depot  
  101  8:47  Combat Shield  
  105  8:49  Marine  
  105  8:50  Marine, Refinery  
  105  8:53  SCV  
  105  8:54  Supply Depot, Refinery  
  108  8:58  Marine  
  108  8:59  SCV x2, Viking  
  108  9:01  Viking  
  115  9:06  Barracks Reactor  
  115  9:11  SCV x2  
  115  9:12  Barracks Reactor  
  115  9:14  Marine  
  115  9:16  Command Center  
  118  9:20  Missile Turret  
  118  9:21  SCV  
  118  9:22  Marine x3  
  118  9:23  SCV, Marine  
  124  9:30  Siege Tank  
  124  9:31  Missile Turret  
  127  9:32  Marine  
  127  9:33  Medivac  
  127  9:37  Medivac  
  132  9:40  Marine x2  
  132  9:43  Armory, SCV  
  132  9:44  SCV x2  
  137  9:47  Marine  
  137  9:48  Missile Turret  
  137  9:50  Marine  
  137  9:51  Marine x2  
  141  9:56  Supply Depot  
  141  9:57  Supply Depot  
  141  9:59  Supply Depot  
  141  10:00  Supply Depot  
  141  10:17  SCV, Siege Tank, Marine x4  
  141  10:19  SCV, Marine x2  
  141  10:20  Viking x2  
  156  10:23  Supply Depot x2  
  156  10:24  Marine  
  157  10:29  Factory  
  157  10:31  Terran Infantry Weapons Level 2  
  157  10:32  Terran Infantry Armor Level 2, Marine  
  157  10:33  Marine  
  159  10:37  Marine  
  159  10:39  Marine x3  
  163  10:43  Marine x2  
  165  10:50  Marine  
  165  10:54  Terran Vehicle Weapons Level 1  
  165  10:56  Marine x2  
  165  10:57  Marine x2  
  165  10:58  Siege Tank  
  165  11:01  SCV x2  
  165  11:02  SCV  
  165  11:03  Marine x2  
  175  11:05  Marine  
  175  11:07  Marine  
  177  11:12  Medivac x2  
  177  11:13  Marine  
  177  11:14  Factory Tech Lab  
  177  11:15  Marine  
  183  11:22  Marine  
  184  11:26  Marine  
  184  11:29  Marine x2  
  184  11:30  SCV x2, Siege Tank  
  192  11:33  Sensor Tower  
  192  11:36  Planetary Fortress  
  192  11:37  Missile Turret  
  192  11:38  SCV  
  192  11:39  Marine x2  
  195  11:42  SCV x2  
  195  11:45  Marine x2  
  199  11:50  SCV  
  191  11:55  Siege Tank  
  191  11:57  Marine x3  
  191  11:58  Marine x2  
  191  12:00  SCV x2  
  195  12:01  Marine  
  195  12:02  SCV, Siege Tank  
  195  12:04  Marine  
  195  12:07  Medivac  
  195  12:10  Marine x2  
  195  12:12  SCV x2  
  195  12:14  Marine  
  200  12:19  Refinery x2  
  200  12:21  Command Center  
  200  12:32  Fusion Core  
  200  12:33  Starport  
  200  12:34  Starport  
  200  12:41  Marine  
  200  12:42  Armory  
  199  12:59  Marine  
  194  13:10  Medivac x2, Marine  
  194  13:11  Siege Tank  
  194  13:12  Marine  
  170  13:17  Starport Reactor, Starport Tech Lab, Marine x3  
  170  13:18  SCV  
  170  13:19  SCV  
  163  13:21  Command Center  
  163  13:22  Siege Tank  
  163  13:24  Barracks  
  163  13:25  Liberator x2, Barracks  
  163  13:26  Marine  
  158  13:27  Marine x2  
  158  13:31  Terran Ship Weapons Level 1, Terran Vehicle And Ship Armor Level 1  
  151  13:34  Marine  
  151  13:36  Liberator, Marine x2  
  151  13:37  Liberator  
  151  13:38  SCV x2  
  151  13:39  Marine  
  151  13:41  Marine  
  154  13:43  Advanced Ballistics, Siege Tank  
  154  13:44  SCV  
  154  13:45  SCV  
  154  13:47  Marine  
  165  13:52  SCV  
  165  13:54  Marine  
  173  13:56  Marine  
  174  14:05  Siege Tank  
  177  14:12  Sensor Tower, Marine  
  177  14:15  Marine  
  177  14:16  Siege Tank, Marine  
  183  14:20  Planetary Fortress  
  183  14:24  Marine x2  
  183  14:27  Marine  
  183  14:29  Marine x2  
  183  14:30  Marine  
  189  14:34  Marine  
  190  14:46  Starport Reactor, Marine  
  190  14:52  Siege Tank x2, Marine x3  
  198  14:55  Terran Infantry Armor Level 3, Terran Infantry Weapons Level 3  
  198  14:56  Command Center  
  200  15:03  Marine  
  200  15:07  Liberator x2  
  199  15:08  Marine  
  199  15:12  Liberator  
  185  15:23  Marine  
  185  15:24  Siege Tank  
  185  15:28  Siege Tank, Marine x2  
  193  15:35  Planetary Fortress  
  200  15:49  Terran Vehicle And Ship Armor Level 2  
  200  15:53  Missile Turret  
  200  15:54  Missile Turret  
  196  16:11  Marine  
  194  16:12  Liberator x2, Marine  
  194  16:14  Refinery  
  194  16:16  Missile Turret  
  194  16:17  Marine x5  
  194  16:18  Siege Tank, Marine  
  183  16:20  Marine  
  175  16:26  Siege Tank  
  175  16:29  Marine  
  175  16:30  Marine  
  180  16:34  Marine x2  
  180  16:35  Marine x2  
  180  16:39  Marine  
  183  16:43  Marine x2  
  185  16:47  Marine  
  185  16:48  Orbital Command  
  185  16:49  Marine  
  185  16:50  Siege Tank  
  185  16:52  Marine x3  
  193  16:54  Starport Reactor  
  193  16:55  Marine  
  193  16:58  Armory, Siege Tank, Marine  
  198  17:01  Marine  
  198  17:05  Marine  
  200  17:11  Marine  
  199  17:17  Marine  
  200  17:25  Refinery x2  
  200  17:26  Command Center x2  
  200  17:29  Command Center  
  200  17:41  Viking  
  200  17:42  Viking x2, Marine x3  
  200  17:58  Marine  
  198  18:10  Missile Turret, Barracks  
  198  18:11  Missile Turret, Barracks x2  
  198  18:12  Missile Turret  
  198  18:13  Missile Turret  
  198  18:14  Marine  
  198  18:17  Marine x2  
  198  18:18  Marine  
  199  18:22  Marine  
  199  18:25  Marine x2  
  199  18:26  Siege Tank  
  188  18:27  Viking  
  188  18:31  Viking x2  
  188  18:32  Starport Tech Lab  
  188  18:33  Marine  
  193  18:39  Marine  
  193  18:41  SCV  
  195  18:48  Marine  
  196  18:49  Marine  
  196  18:53  Marine  
  196  18:54  Marine x2  
  197  19:00  Barracks Reactor x3  
  200  19:06  Command Center  
Show
View Real Time Build Order
Export as new Build Order

MaSa Terran 

Build Orders: 1/1/1, Liberator Opening 

Get SALT Encoding   

  12  0:00  SCV  
  13  0:12  SCV  
  14  0:17  Supply Depot  
  14  0:25  SCV  
  15  0:29  Refinery  
  15  0:38  SCV  
  16  0:44  Barracks  
  16  0:50  SCV  
  16  0:56  Refinery  
  17  1:02  SCV  
  18  1:14  SCV  
  19  1:31  Factory  
  19  1:35  Reaper  
  19  1:36  Orbital Command  
  20  1:44  Supply Depot  
  20  2:02  SCV  
  20  2:07  Reaper  
  22  2:17  Starport, Hellion  
  22  2:18  SCV  
  25  2:31  SCV, Supply Depot  
  26  2:38  Liberator  
  26  2:39  Hellion, Reaper  
  26  2:43  SCV  
  30  2:55  SCV  
  30  2:58  Supply Depot  
  34  3:00  Hellion  
  36  3:07  SCV  
  36  3:11  Reaper  
  38  3:20  SCV  
  38  3:23  Hellion  
  41  3:34  Command Center  
  41  3:39  SCV  
  42  3:51  SCV  
  36  4:04  SCV, Reaper  
  36  4:05  Hellion  
  38  4:16  SCV  
  39  4:23  Command Center  
  39  4:28  SCV  
  40  4:33  Factory Tech Lab  
  40  4:36  Bunker  
  40  4:37  Refinery, Barracks Reactor  
  40  4:40  SCV  
  41  4:52  SCV, Cyclone  
  42  4:58  Orbital Command  
  42  5:04  SCV  
  43  5:09  Starport Tech Lab  
  43  5:16  SCV  
  40  5:24  Marine x2  
  40  5:25  Siege Tank  
  40  5:26  SCV  
  44  5:28  SCV, Raven  
  44  5:31  Barracks  
  47  5:36  Orbital Command  
  47  5:38  SCV  
  47  5:40  SCV  
  47  5:41  Barracks  
  47  5:42  Marine x2  
  51  5:51  SCV  
  51  5:52  SCV  
  51  5:54  Refinery  
  51  5:55  Engineering Bay  
  51  5:57  Engineering Bay  
  53  6:03  SCV, Siege Tank  
  56  6:05  SCV  
  56  6:07  SCV  
  57  6:15  SCV  
  58  6:20  Viking x2  
  58  6:22  SCV  
  63  6:27  SCV  
  63  6:30  Barracks Reactor  
  63  6:31  SCV, Barracks Reactor  
  63  6:34  SCV  
  63  6:39  SCV  
  63  6:43  SCV  
  63  6:45  Marine  
  63  6:46  Stimpack  
  63  6:49  SCV  
  63  6:54  Terran Infantry Weapons Level 1  
  64  6:55  SCV, Terran Infantry Armor Level 1  
  64  6:58  SCV  
  64  7:00  Viking  
  68  7:03  Viking  
  68  7:05  SCV  
  68  7:07  SCV  
  72  7:10  Marine x4  
  72  7:12  SCV  
  77  7:17  Supply Depot  
  77  7:20  Supply Depot  
  77  7:23  Supply Depot  
  77  7:37  Orbital Command  
  77  7:38  Marine  
  77  7:39  SCV, Siege Tank, Marine x3  
  77  7:42  Viking x2, Marine  
  91  7:47  Supply Depot x2  
  91  7:48  SCV  
  89  7:52  Supply Depot  
  89  7:54  SCV  
  89  7:56  Marine x3  
  93  8:00  SCV  
  94  8:07  Marine x2  
  94  8:08  SCV  
  94  8:09  SCV  
  95  8:14  Medivac x2, Marine  
  95  8:19  SCV  
  101  8:22  Armory  
  101  8:23  SCV, Sensor Tower  
  101  8:24  Refinery  
  101  8:26  Marine  
  101  8:27  Marine x3  
  103  8:28  SCV, Liberator  
  103  8:32  SCV  
  103  8:33  Siege Tank  
  111  8:35  SCV  
  112  8:41  SCV, Barracks  
  112  8:42  Barracks  
  112  8:44  SCV, Medivac  
  112  8:47  SCV  
  120  8:51  Combat Shield, Marine x2  
  120  8:52  Refinery  
  120  8:54  SCV  
  123  8:56  Supply Depot  
  123  8:57  Supply Depot  
  123  8:58  Supply Depot  
  123  8:59  Marine x2  
  125  9:13  Terran Infantry Armor Level 2, Terran Infantry Weapons Level 2  
  125  9:15  Terran Vehicle Weapons Level 1  
  125  9:18  SCV x3, Marine x5  
  125  9:20  Siege Tank  
  136  9:28  Supply Depot  
  136  9:30  SCV, Barracks Reactor x2  
  137  9:32  Medivac  
  137  9:35  Marine x2  
  137  9:36  Marine x3  
  137  9:37  SCV x2  
  146  9:40  Factory  
  146  9:42  SCV  
  146  9:43  Supply Depot  
  147  9:49  SCV x2  
  147  9:51  Missile Turret  
  149  9:53  Marine x5, Supply Depot  
  149  9:55  Siege Tank  
  157  10:04  Medivac x2  
  161  10:09  Marine x4  
  161  10:14  Marine x4, Supply Depot  
  165  10:15  Supply Depot  
  165  10:17  Supply Depot  
  168  10:21  Barracks Reactor  
  168  10:25  Command Center  
  168  10:27  Marine  
  167  10:29  Marine x3  
  167  10:30  Siege Tank  
  167  10:32  Marine  
  167  10:35  Marine  
  174  10:42  Marine x2  
  175  10:43  SCV  
  175  10:44  Medivac x2  
  175  10:45  Marine  
  175  10:47  SCV, Marine x3  
  175  10:49  Siege Tank  
  186  10:51  SCV  
  186  10:54  Marine x2  
  188  11:00  Marine  
  192  11:04  Siege Tank  
  192  11:09  Marine x3  
  195  11:14  Medivac  
  197  11:18  Terran Vehicle Weapons Level 2  
  197  11:20  Supply Depot  
  196  11:27  Siege Tank  
  196  11:31  Marine  
  197  11:37  Siege Tank  
  200  11:42  Planetary Fortress  
  200  11:45  Terran Infantry Weapons Level 3  
  200  11:49  Marine  
  200  11:50  Marine  
  200  11:51  Marine  
  200  11:53  Marine x4  
  185  11:56  Marine x3  
  185  11:59  Siege Tank  
  161  12:05  Medivac  
  161  12:07  Marine  
  157  12:08  Marine x2  
  157  12:09  Siege Tank  
  157  12:11  Marine x4  
  157  12:14  Marine x3  
  169  12:17  Medivac  
  169  12:20  Refinery  
  169  12:21  Refinery  
  168  12:25  Terran Infantry Armor Level 3, Marine  
  168  12:26  Marine x2  
  168  12:28  Marine  
  168  12:29  Marine x2  
  174  12:31  Siege Tank  
  174  12:35  Marine  
  174  12:36  Marine x2  
  180  12:43  Command Center, Marine x2  
  180  12:44  Siege Tank, Marine  
  185  12:58  Marine x4  
  182  12:59  Marine  
  182  13:00  Medivac x2  
  182  13:01  Marine x3  
  182  13:03  Siege Tank  
  197  13:09  Marine  
  197  13:10  Marine  
  153  13:14  Orbital Command  
  153  13:16  Siege Tank, Marine x5  
  153  13:19  Marine x3  
  125  13:27  Marine x2  
  125  13:34  Marine x5  
  125  13:35  Siege Tank  
  125  13:38  Marine x3  
  136  13:45  Marine x2  
  136  13:48  Siege Tank  
  139  13:49  Medivac x2, Orbital Command  
  139  13:51  Marine  
  139  13:52  Marine x2  
  146  13:56  Planetary Fortress  
  146  14:02  Marine x3  
  149  14:04  Sensor Tower  
  149  14:06  Terran Vehicle Weapons Level 3  
  149  14:07  Marine x2  
  151  14:10  Marine x2  
  151  14:12  Marine  
  151  14:16  SCV  
  148  14:17  SCV x2  
  148  14:21  Marine  
  148  14:22  Marine  
  148  14:23  Missile Turret  
  152  14:30  Siege Tank, Marine x4  
  159  14:35  Medivac x2  
  159  14:37  Marine x4  
  167  14:39  Marine  
  167  14:40  Siege Tank  
  167  14:42  Marine  
  172  14:47  Marine x2  
  172  14:48  Marine  
  172  14:52  Marine  
  176  14:55  Marine x2  
  178  15:03  Siege Tank  
  181  15:10  Marine x3  
  181  15:12  Marine  
  181  15:13  Siege Tank, Marine x6  
  170  15:24  Medivac  
  170  15:27  Marine  
  170  15:28  Marine x2  
  161  15:30  Marine  
  161  15:31  Marine x5  
  161  15:35  Siege Tank  
  161  15:39  Marine  
  161  15:41  Medivac  
  163  15:45  Siege Tank, Marine x2  
  163  15:46  Marine  
  163  15:48  Marine  
  170  15:50  Marine x5  
  170  15:54  Medivac  
  170  15:56  Marine  
  178  16:03  Marine x3  
  180  16:06  Marine  
  180  16:07  Siege Tank  
  180  16:08  Marine x5  
  185  16:14  Marine  
  185  16:17  Siege Tank  
  176  16:21  Marine x3  
  176  16:24  Marine  
  157  16:26  Marine x5  
  157  16:32  Marine  
  140  16:39  Medivac x2, Siege Tank, Marine x3  
  134  16:42  Marine  
  134  16:43  Marine  
  134  16:44  Marine x4  
  131  16:49  Siege Tank  
  131  16:53  Marine  
  124  16:57  Marine x3  
  126  17:02  Marine x3  
  126  17:04  SCV x2, Marine x3  
  134  17:09  Medivac x2  
  134  17:11  Siege Tank, Marine  
  134  17:14  Marine x2  
  134  17:15  Marine  
  142  17:19  Marine x2  
  142  17:20  Marine  
  142  17:21  Siege Tank  
  142  17:22  Marine x3  
  149  17:27  Command Center  
  149  17:29  Marine  
  148  17:32  SCV, Marine x3  
  148  17:36  SCV  
  150  17:37  Marine x3  
  150  17:39  Medivac  
  150  17:40  Marine  
  150  17:42  Marine x2  
  150  17:43  Siege Tank  
  150  17:46  Marine  
  150  17:50  Marine x3  
  154  17:53  Siege Tank  
  154  17:55  Marine x3  
  154  17:57  Marine  
  160  17:59  Marine  
  160  18:00  Marine  
  160  18:04  Marine  
  163  18:08  Marine x3  
  163  18:11  Medivac x2  
  167  18:13  Marine x3  
  167  18:15  Siege Tank, Marine  
  167  18:17  Marine  
  170  18:21  Marine  
  170  18:22  Marine  
  170  18:26  Marine x3  
  158  18:31  Marine x3  
  158  18:33  Marine  
  153  18:35  Marine  
  153  18:39  Marine  
  153  18:40  Marine  
  156  18:41  Medivac  
  156  18:43  Marine  
  156  18:44  Marine x2  
  161  18:54  Marine x3  
  154  18:55  Marine  
  154  18:56  Marine  
  154  18:57  Marine  
  154  18:58  Marine  
  154  19:01  Marine x2  
  154  19:02  Marine  
Tags
 
Add a new tag
Caveats
  • Supply blocks, unpowered buildings, or Contaminate may cause inaccurate times.
  • Supply counts are checked every 10 seconds.